 Dungeon Sprint DCSS version 0.20-a0-1121-gbb42413 (webtiles) character file.

17980 potatolord6000 the Peltast (level 12, -3/113 HPs)
             Began as a Formicid Fighter on May 10, 2017.
             Was an Initiate of Gozag.
             Killed from afar by a fire giant (50 damage)
             ... with a bolt of fire
             ... in the Dungeon (Sprint IX: "|||||||||||||||||||||||||||||").
             The game lasted 00:10:27 (1988 turns).

potatolord6000 the Peltast (Formicid Fighter)       Turns: 1988, Time: 00:10:28

Health: -3/113     AC: 28    Str: 28    XL:     12   Next: 89%
Magic:  12/12      EV:  9    Int: 10    God:    Gozag
Gold:   1825       SH: 15    Dex: 10    Spells: 11/11 levels left

rFire    . . .     SeeInvis +   o - +2 dire flail (crush)
rCold    + . .     Gourm    .   c - +0 shield
rNeg     . . .     Faith    .   v - +4 chain mail {rC+}
rPois    .         Spirit   .   (helmet unavailable)
rElec    .         Reflect  .   (no cloak)
rCorr    .         Harm     .   p - +3 pair of gauntlets of War {Slay+5}
MR       +....     Clarity  +   y - +2 pair of boots {Stlth+}
Stlth    ..........             (no amulet)
Regen    0.3/turn               b - +3 ring of strength
MPRegen  0.2/turn               q - +3 ring of intelligence

@: gold aura
A: permanent stasis, dig shafts and tunnels, four strong arms, antennae 3,
iridescent scales 1, clarity, screaming 1, weak 1
a: Dig, Potion Petition, Call Merchant, Bribe Branch, Renounce Religion


You were in the Dungeon.
You worshipped Gozag.
Gozag was most pleased with you.
You were full.

You visited 1 branch You collected 8862 gold pieces.
You spent 2756 gold pieces at shops.
You paid 4281 gold pieces to Gozag.

Inventory:

Hand Weapons
 o - a +2 dire flail of crushing (weapon)
Armour
 c - a +0 shield (worn)
 p - the +3 pair of gauntlets of War (worn) {Slay+5}
   (You bought it in a shop in the Dungeon)

   It affects your accuracy and damage with ranged weapons and melee attacks
   (+5).
 v - a +4 chain mail of cold resistance (worn)
 y - a +2 pair of boots of stealth (worn)
Jewellery
 b - a +3 ring of strength (left hand)
 q - a +3 ring of intelligence (right hand)
Scrolls
 f - 2 scrolls of enchant armour
 k - 2 scrolls of blinking
 l - 3 scrolls of remove curse
 m - 2 scrolls of amnesia
 r - 4 scrolls of fear
 s - a scroll of fog
 u - 2 scrolls of recharging
Potions
 a - 2 potions of agility
 d - a potion of invisibility
 e - 5 potions of curing
 g - 8 potions of heal wounds
 h - 2 potions of haste
 i - 4 potions of magic
 j - 2 potions of berserk rage
 t - a potion of might
Comestibles
 w - 40 fruits
 x - 12 bread rations
 z - 11 meat rations


   Skills:
 + Level 16.8 Fighting
   Level 5.0(11.1) Axes
 + Level 14.9(15.1) Maces & Flails
 + Level 16.8 Armour
 + Level 18.2 Shields


You had 11 spell levels left.
You didn't know any spells.

Dungeon Overview and Level Annotations

Branches:
Dungeon (1/1)

Altars:
Cheibriados
Dithmenos
Elyvilon
Fedhas
Gozag
Hepliaklqana
Kikubaaqudgha
Makhleb
Nemelex Xobeh
Okawaru
Qazlal
Ru
Sif Muna
Trog
Uskayaw
Vehumet
Wu Jian
Xom
Yredelemnul
Zin
The Shining One
Beogh
Jiyva
Lugonu

Shops:
D :[%!}(*[[


Innate Abilities, Weirdness & Mutations

You cannot be hasted, slowed, berserked, paralysed or teleported.
You can dig through walls and to a lower floor.
Your four strong arms can wield two-handed weapons with a shield.
You have a pair of large antennae on your head. (SInv)
You are partially covered in iridescent scales. (AC +2)
You possess an exceptional clarity of mind.
You occasionally shout uncontrollably at your foes.
You are weak. (Str -2)


Message History

The harpy is distracted by the nearby gold.
The fire giant casts a spell at you.
The fireball explodes!
The fireball engulfs you!
Ouch! That really hurt!
The fireball engulfs the fire giant.
The fire giant resists.
The harpy screeches!
A brown very ugly thing comes into view.
The brown very ugly thing gurgles horribly!
You hear a horrible gurgling sound!
You see here 54 gold pieces.
Unknown command.
Unknown command.
You puncture the fire giant!
The fire giant is lightly wounded.
The harpy is no longer distracted by gold.
The harpy is distracted by the nearby gold.
The fire giant gestures at you while chanting.
The bolt of fire hits you!
You die...
Your body crumbles into a pile of gold.

{ ▓)▓)▓.▓'▓.▓.▓
{
▓u▓.▓)▓.▓)▓.▓.▓
{
▓.▓.▓∩▓.▓.▓.▓.▓
{
▓D▓.▓∩▓.▓(▓.▓)▓
{
▓.▓.▓∩▓.▓.▓.▓.▓
{
▓H▓.▓∩▓.▓.▓.▓.▓
{
▓Z▓.▓∩▓.▓∩▓.▓[▓
{
▓C▓.▓)▓.▓.▓.▓[▓
{
▓@▓.▓∩▓.▓.▓.▓.▓
▓$▓.▓)▓.▓.▓.▓)▓
{
▓$▓.▓.▓.▓.▓.▓|▓
{
▓$▓.▓)▓.▓.▓.▓.▓
{
▓$▓.▓)▓.▓.▓.▓.▓
{
▓.▓.▓)▓.▓'▓.▓'▓
{
▓.▓.▓)▓.▓.▓.▓_▓
{
▓.▓.▓.▓.▓.▓.▓_▓
{
{▓.▓.▓.▓.▓.▓.▓_▓


You could see a brown very ugly thing, a fire giant, a fire dragon, a harpy and
a bat skeleton.

Vanquished Creatures
  Erolcha (D)
  A hydra (D)
  2 ogre magi (D)
  10 two-headed ogres (D)
  Sonja (D)
  3 lindwurms (D)
  A deep elf mage (D)
  An orc knight (D)
  An ugly thing (D)
  A black mamba (D)
  An elephant (D)
  A spiny frog (D)
  A komodo dragon (D)
  2 tyrant leeches (D)
  A hippogriff (D)
  A raiju (shapeshifter) (D)
  3 yaks (D)
  Grum (D)
  A wyvern (D)
  Eustachio (D)
  A basilisk (D)
  A vampire mosquito (D)
  4 water moccasins (D)
  10 orc warriors (D)
  3 porcupines (D)
  2 wolves (D)
  4 ogres (D)
  A crocodile (D)
  3 bullfrogs (D)
  A scorpion (D)
  A wight (D)
  2 crimson imps (D)
  An orc priest (D)
  2 orc wizards (D)
  A worker ant (D)
  An adder (D)
  An adder zombie (D)
  An adder skeleton (D)
  3 worms (D)
  A dart slug (D)
  11 orcs (D)
  A bat skeleton (D)
  A hobgoblin (D)
  A quokka (D)
  A bat (D)
  A frilled lizard (D)
  A goblin (D)
  A jackal skeleton (D)
  A quokka zombie (D)
98 creatures vanquished.

Vanquished Creatures (others)
  A giant cockroach simulacrum (D)
1 creature vanquished.

Grand Total: 99 creatures vanquished

Notes
Turn   | Place    | Note
-------+----------+-------------------------------------------
     0 | D        | potatolord6000 the Formicid Fighter began the quest for the Orb.
     0 | D        | Reached XP level 1. HP: 18/18 MP: 1/1
    10 | D        | Reached skill level 4 in Shields
    12 | D        | Reached XP level 2. HP: 22/25 MP: 2/2
    51 | D        | Noticed a scorpion
    51 | D        | Noticed a crimson imp
    59 | D        | Killed a crimson imp
    59 | D        | Reached skill level 5 in Shields
    59 | D        | Reached XP level 3. HP: 29/32 MP: 3/3
    61 | D        | Reached skill level 5 in Fighting
    61 | D        | Reached skill level 5 in Armour
    61 | D        | Reached XP level 4. HP: 36/39 MP: 4/4
    68 | D        | Reached skill level 5 in Axes
    68 | D        | Reached skill level 6 in Shields
    68 | D        | Reached XP level 5. HP: 44/46 MP: 5/5
    75 | D        | Found a roughly hewn altar of Beogh.
    75 | D        | Found a snail-covered altar of Cheibriados.
    75 | D        | Found a shadowy altar of Dithmenos.
    75 | D        | Found a white marble altar of Elyvilon.
    75 | D        | Found a blossoming altar of Fedhas.
    75 | D        | Found an opulent altar of Gozag.
    76 | D        | Found a hazy altar of Hepliaklqana.
    77 | D        | Found a viscous altar of Jiyva.
    78 | D        | Found an ancient bone altar of Kikubaaqudgha.
    79 | D        | Found a corrupted altar of Lugonu.
    80 | D        | Found a burning altar of Makhleb.
    81 | D        | Found a sparkling altar of Nemelex Xobeh.
    82 | D        | Found an iron altar of Okawaru.
    83 | D        | Became a worshipper of Gozag Ym Sagoz the Greedy
    84 | D        | Found a stormy altar of Qazlal.
    85 | D        | Found a sacrificial altar of Ru.
    86 | D        | Found a deep blue altar of Sif Muna.
    87 | D        | Found a bloodstained altar of Trog.
    88 | D        | Found a hide-covered altar of Uskayaw.
    89 | D        | Found a radiant altar of Vehumet.
    90 | D        | Found an ornate altar of the Wu Jian Council.
    91 | D        | Found a shimmering altar of Xom.
    92 | D        | Found a basalt altar of Yredelemnul.
    93 | D        | Found a glowing silver altar of Zin.
    94 | D        | Found a glowing golden altar of the Shining One.
   141 | D        | Noticed a bullfrog
   141 | D        | Noticed a two-headed ogre
   141 | D        | Noticed a two-headed ogre
   152 | D        | Killed a two-headed ogre
   152 | D        | Reached skill level 10 in Shields
   152 | D        | Reached XP level 6. HP: 33/60 MP: 6/6
   152 | D        | Reached XP level 7. HP: 36/65 MP: 7/7
   152 | D        | Reached XP level 8. HP: 40/72 MP: 8/8
   158 | D        | Killed a two-headed ogre
   158 | D        | Reached skill level 10 in Fighting
   158 | D        | Reached skill level 10 in Armour
   158 | D        | Reached skill level 11 in Shields
   162 | D        | Reached XP level 9. HP: 51/79 MP: 9/9
   286 | D        | Noticed a deep elf mage
   290 | D        | Reached skill level 12 in Shields
   296 | D        | Killed a deep elf mage
   438 | D        | Noticed a komodo dragon
   440 | D        | Noticed a seven-headed hydra
   449 | D        | Reached skill level 13 in Shields
   456 | D        | Killed a komodo dragon
   456 | D        | Reached skill level 10 in Maces & Flails
   456 | D        | Reached XP level 10. HP: 70/89 MP: 10/10
   466 | D        | Killed a seven-headed hydra
   488 | D        | Reached skill level 14 in Shields
   506 | D        | Bought a +4 chain mail of cold resistance for 378 gold pieces
   523 | D        | Noticed a spiny frog
   523 | D        | Noticed an elephant
   525 | D        | Noticed a black mamba
   529 | D        | Killed an elephant
   553 | D        | Killed a spiny frog
   564 | D        | Killed a black mamba
   567 | D        | Reached XP level 11. HP: 79/99 MP: 11/11
   596 | D        | Noticed a lindwurm
   596 | D        | Noticed a lindwurm
   597 | D        | Noticed a lindwurm
   627 | D        | Killed a lindwurm
   627 | D        | Reached skill level 15 in Shields
   635 | D        | Killed a lindwurm
   645 | D        | Killed a lindwurm
   698 | D        | Bought the +3 pair of gauntlets of War {Slay+5} for 1425 gold pieces
   988 | D        | Noticed an orc knight
  1003 | D        | Killed an orc knight
  1160 | D        | Reached skill level 16 in Shields
  1261 | D        | Found Tananim's Weapon Boutique.
  1261 | D        | Noticed an ogre mage
  1261 | D        | Noticed a two-headed ogre
  1261 | D        | Noticed a two-headed ogre
  1265 | D        | Killed a two-headed ogre
  1265 | D        | Reached skill level 15 in Armour
  1269 | D        | Killed a two-headed ogre
  1269 | D        | Reached skill level 15 in Fighting
  1275 | D        | Killed an ogre mage
  1276 | D        | Found Tekoabbe's Gadget Shop.
  1279 | D        | Noticed a two-headed ogre
  1280 | D        | Reached XP level 12. HP: 100/110 MP: 12/12
  1281 | D        | Noticed a two-headed ogre
  1284 | D        | Noticed a two-headed ogre
  1284 | D        | Found Cutiat's Food Boutique.
  1287 | D        | Killed a two-headed ogre
  1288 | D        | Found Bafin's Book Shop.
  1295 | D        | Killed a two-headed ogre
  1295 | D        | Reached skill level 17 in Shields
  1302 | D        | Killed a two-headed ogre
  1303 | D        | Noticed an ogre mage
  1304 | D        | Noticed a two-headed ogre
  1306 | D        | Noticed a two-headed ogre
  1313 | D        | Killed a two-headed ogre
  1323 | D        | Killed a two-headed ogre
  1333 | D        | Killed an ogre mage
  1687 | D        | Bought a pair of embroidered boots for 255 gold pieces
  1687 | D        | Bought a faintly humming large shield for 323 gold pieces
  1698 | D        | Identified the cursed +0 large shield of the Gravedigger {*Slow rElec rPois} (You bought it in a shop in the Dungeon)
  1702 | D        | Bought a potion of agility for 60 gold pieces
  1702 | D        | Bought a potion of heal wounds for 75 gold pieces
  1702 | D        | Bought a potion of might for 60 gold pieces
  1702 | D        | Bought a potion of agility for 60 gold pieces
  1702 | D        | Bought a potion of curing for 45 gold pieces
  1702 | D        | Bought a potion of heal wounds for 75 gold pieces
  1733 | D        | Noticed Sonja
  1734 | D        | Noticed Erolcha
  1744 | D        | Killed Sonja
  1750 | D        | Killed Erolcha
  1758 | D        | Noticed Eustachio
  1773 | D        | Killed Eustachio
  1822 | D        | Noticed Grum
  1831 | D        | Killed Grum
  1831 | D        | Reached skill level 18 in Shields
  1911 | D        | Gained mutation: You occasionally shout uncontrollably at your foes. [potion of mutation]
  1911 | D        | Gained mutation: You are partially covered in iridescent scales. (AC +2) [potion of mutation]
  1911 | D        | Gained mutation: You are weak. (Str -2) [potion of mutation]
  1911 | D        | Gained mutation: You possess an exceptional clarity of mind. [potion of mutation]
  1959 | D        | Noticed a two-headed ogre
  1971 | D        | Noticed a fire giant
  1974 | D        | Killed a two-headed ogre
  1987 | D        | Noticed a fire dragon
  1987 | D        | Noticed a brown very ugly thing
  1988 | D        | Killed from afar by a fire giant

Vault maps used:
D:        linesprint

Skill      XL: |  1  2  3  4  5  6  7  8  9 10 11 12 |
---------------+-------------------------------------+-----
Shields        | 4 5 6 10 11 13 14 16 18 | 18.2
Fighting       | 4 5 6 9 10 12 13 15 16 | 16.8
Axes           | 3 4 5 |  5.0
Armour         | 4 5 6 9 10 12 13 15 16 | 16.8
Maces & Flails | 6 8 10 11 13 14 | 14.9

Action                   |  1- 3 |  4- 6 |  7- 9 | 10-12 || total
-------------------------+-------+-------+-------+-------++-------
Melee: War axe           |    17 |     7 |       |       ||    24
       Dire flail        |       |    11 |    42 |   278 ||   331
Invok: Call Merchant     |       |       |       |     5 ||     5
  Use: Potion            |     1 |       |     3 |     9 ||    13
       Scroll            |       |       |       |     1 ||     1
 Stab: Distracted        |       |       |       |     3 ||     3
  Eat: Bread ration      |       |       |     1 |       ||     1
       Meat ration       |       |       |       |     1 ||     1
Armor: Scale mail        |     5 |     1 |       |       ||     6
       Chain mail        |       |     2 |     3 |    57 ||    62
Dodge: Dodged            |     3 |     7 |     8 |    54 ||    72
Block: Shield            |     7 |     8 |    19 |   120 ||   154
